 Dungeon Crawl Stone Soup version 0.20.0-15-g7f486f2 (webtiles) character file.

875 rodrick the Poker (level 7, -8/54 HPs)
             Began as a Minotaur Fighter on June 10, 2017.
             Was an Initiate of Hepliaklqana.
             Killed by divine providence
             ... invoked by an orc priest
              (13 damage)
             ... on level 6 of the Dungeon on June 11, 2017.
             The game lasted 00:08:06 (3897 turns).

rodrick the Poker (Minotaur Fighter)                Turns: 3897, Time: 00:08:07

Health: -8/54      AC: 17    Str: 23    XL:     7   Next: 74%
Magic:  6/6        EV:  5    Int:  5    God:    Hepliaklqana [......]
Gold:   312        SH: 10    Dex: 11    Spells: 6/6 levels left

rFire    . . .     SeeInvis .   a - +1 trident
rCold    + . .     Gourm    .   c - +0 shield
rNeg     . . .     Faith    .   m - +0 plate armour
rPois    .         Spirit   .   (helmet restricted)
rElec    .         Reflect  .   (no cloak)
rCorr    .         Harm     .   o - +1 pair of gloves
MR       .....                  b - +1 pair of boots
Stlth    ..........             (no amulet)
Regen    0.2/turn               (no ring)
MPRegen  0.1/turn               (no ring)

@: no status effects
A: retaliatory headbutt, reduced essence, claws 1, horns 2, agile 1, cold
resistance 1, evolution 1
a: Recall Ancestor, Ancestor Identity, Renounce Religion


You were on level 6 of the Dungeon.
You worshipped Hepliaklqana.
Hepliaklqana was noncommittal.
You were not hungry.

You visited 2 branches of the dungeon, and saw 8 of its levels.

You collected 312 gold pieces.

Inventory:

Hand Weapons
 a - a +1 trident (weapon)
Armour
 b - a +1 pair of boots (worn)
 c - a +0 shield (worn)
 m - a +0 plate armour (worn)
 o - a +1 pair of gloves (worn)
Jewellery
 e - an uncursed ring of ice
Wands
 i - a wand of flame (16/48)
 r - a wand of confusion (26/48)
Scrolls
 h - 2 scrolls of teleportation
 j - a scroll of amnesia
 l - a scroll of enchant weapon
 n - 3 scrolls of identify
Potions
 d - a potion of curing
 q - a potion of flight
Comestibles
 f - 5 bread rations
 g - 4 meat rations
 k - 2 royal jellies


   Skills:
 + Level 5.2 Fighting
 + Level 7.4 Polearms
 + Level 6.1 Armour
 + Level 1.0 Dodging
 + Level 0.1 Stealth
 + Level 5.6 Shields


You had 6 spell levels left.
You didn't know any spells.

Dungeon Overview and Level Annotations

Branches:
Dungeon (7/15)             Temple (1/1) D:5

Altars:
Ashenzari
Cheibriados
Dithmenos
Elyvilon
Fedhas
Gozag
Hepliaklqana
Kikubaaqudgha
Makhleb
Nemelex Xobeh
Okawaru
Qazlal
Ru
Sif Muna
Trog
Uskayaw
Vehumet
Xom
Yredelemnul
Zin
The Shining One


Innate Abilities, Weirdness & Mutations

You reflexively headbutt those who attack you in melee.
You have a pair of horns on your head.
Your life essence is reduced. (-10% HP)
You have sharp fingernails.
You are agile. (Dex +2)
Your flesh is cold resistant. (rC+)
You evolve.


Message History

The orc warrior is heavily wounded.
Xiloxoch hits the orc warrior but does no damage.
You closely miss the orc warrior.
The orc warrior is heavily wounded.
You block the orc warrior's attack.
The orc warrior hits Xiloxoch with a battleaxe!
Xiloxoch is destroyed!
You hit the orc warrior but do no damage.
You headbutt the orc warrior.
The orc warrior is heavily wounded.
You barely miss the orc warrior. You headbutt the orc warrior.
The orc warrior is heavily wounded.
The orc warrior hits you with a battleaxe!!
* * * LOW HITPOINT WARNING * * *
The orc priest calls upon Beogh to heal the orc warrior.
The orc warrior is healed somewhat.
You block the orc priest's attack.
The orc priest mumbles some strange prayers to Beogh against you.
Beogh smites you!
You die...

#...# #.#.#..# #...#
#......####.# #...#
####.#..>....# #...#
#....o..###### #...#
#.##.รท..# #######
#####...######.##)#..# #.....#
..............<##....###.....#
...............###o#.........#
................@.o..###.....#
#####...####.#######.# #.....#
#...# #.# #[# ####### #...#
#.# #o# #..># #.# #.# #...#
#.# #.######.. #...#
#.#######.#....o.. ....##
#..........)# .#####
###########


You could see an orc warrior and an orc priest.

Vanquished Creatures
  A sky beast (D:6)
  2 phantoms (D:4)
  A scorpion (D:5)
  2 howler monkeys
  A centaur zombie (D:5)
  A hound (D:5)
  A bullfrog zombie (D:5)
  2 orc wizards
  Ijyb (D:5)
  A worker ant (D:4)
  4 gnolls
  7 adders
  A shadow imp (D:3)
  5 oozes
  2 worms
  A dart slug (D:1)
  5 leopard geckos
  16 orcs
  4 giant cockroaches
  6 goblins
  11 hobgoblins
  6 jackals
  11 kobolds
  A quokka (D:3)
  7 bats
  4 frilled lizards
  9 rats
113 creatures vanquished.

Vanquished Creatures (collateral kills)
  A jelly (D:6)
1 creature vanquished.

Vanquished Creatures (others)
  3 ancestors (D:6)
3 creatures vanquished.

Grand Total: 117 creatures vanquished

Notes
Turn   | Place    | Note
-------+----------+-------------------------------------------
     0 | D:1      | rodrick the Minotaur Fighter began the quest for the Orb.
     0 | D:1      | Reached XP level 1. HP: 19/19 MP: 0/0
     1 | D:1      | Found a runed door.
    43 | D:1      | Reached XP level 2. HP: 23/27 MP: 1/1
    60 | D:1      | Reached XP level 3. HP: 14/33 MP: 2/2
   685 | D:1      | Reached skill level 3 in Polearms
   952 | D:2      | Reached XP level 4. HP: 40/40 MP: 3/3
  1369 | D:3      | Reached skill level 4 in Polearms
  1540 | D:3      | Reached XP level 5. HP: 46/46 MP: 4/4
  1549 | D:3      | Found a sacrificial altar of Ru.
  2037 | D:4      | Noticed a phantom
  2215 | D:4      | Noticed a phantom
  2246 | D:4      | Killed a phantom
  2246 | D:4      | Reached skill level 5 in Polearms
  2246 | D:4      | Reached skill level 5 in Armour
  2246 | D:4      | Reached skill level 5 in Shields
  2246 | D:4      | Reached XP level 6. HP: 42/53 MP: 5/5
  2645 | D:4      | Found a shadowy altar of Dithmenos.
  2838 | D:5      | Entered Level 5 of the Dungeon
  2846 | D:5      | Reached skill level 6 in Polearms
  2885 | D:5      | Noticed Ijyb
  2897 | D:5      | Killed Ijyb
  2897 | D:5      | Reached XP level 7. HP: 60/60 MP: 6/6
  2902 | D:5      | Reached skill level 1 in Dodging
  2938 | D:5      | Reached skill level 5 in Fighting
  3040 | D:5      | Found a staircase to the Ecumenical Temple.
  3048 | Temple   | Entered the Ecumenical Temple
  3299 | Temple   | Became a worshipper of Hepliaklqana the Forgotten
  3405 | D:5      | Reached skill level 7 in Polearms
  3544 | D:6      | Gained mutation: You have sharp fingernails. [potion of mutation]
  3544 | D:6      | Gained mutation: Your flesh is cold resistant. (rC+) [potion of mutation]
  3544 | D:6      | Gained mutation: You evolve. [potion of mutation]
  3680 | D:7      | Gained mutation: You are agile. (Dex +2) [evolution]
  3897 | D:6      | Killed from afar by an orc priest

Skill      XL: |  1  2  3  4  5  6  7 |
---------------+----------------------+-----
Armour         | 4 5 6 |  6.1
Shields        | 4 5 |  5.6
Fighting       | 4 5 |  5.2
Polearms       | 3 4 5 6 7 |  7.4
Dodging        | 1 |  1.0
Stealth        | |  0.1

Action                   |  1- 3 |  4- 6 |  7- 9 || total
-------------------------+-------+-------+-------++-------
Melee: Trident           |    70 |   233 |   101 ||   404
       Headbutt          |     8 |    28 |    18 ||    54
Invok: Recall Ancestor   |       |       |     1 ||     1
  Use: Potion            |     1 |     2 |     4 ||     7
       Scroll            |       |    10 |       ||    10
  Eat: Chunk             |       |     7 |     3 ||    10
Armor: Scale mail        |    17 |       |       ||    17
       Plate armour      |     3 |   120 |    32 ||   155
Dodge: Dodged            |     7 |    27 |    10 ||    44
Block: Shield            |    21 |    96 |    29 ||   146
